 Dungeon Crawl Stone Soup version 0.28.0-49-g6dfe1f597d (webtiles) character file.

Game seed: 2057645592855256286

282701 Kniotic the Portalist (level 20, -15/82 HPs)
             Began as a Spriggan Enchanter on May 11, 2022.
             Was an Initiate of Gozag.
             Demolished by a titan (50 damage)
             ... on level 5 of the Vaults on May 12, 2022.
             The game lasted 03:08:25 (71848 turns).

Kniotic the Portalist (Spriggan Enchanter)         Turns: 71848, Time: 03:08:26

Health: -15/82     AC:  4    Str:  8    XL:     20   Next: 11%
Magic:  27/35      EV: 47    Int: 28    God:    Gozag
Gold:   9519       SH:  0    Dex: 17    Spells: 3/39 levels left

rFire   + . .      SeeInvis +   U - +8 rapier "Finkudon" {vorpal, rC+ Stlth+}
rCold   + + .      Faith    .   (no shield)
rNeg    . . .      Spirit   .   P - +2 robe {rC+ rF+}
rPois   +          Reflect  .   S - +0 hat
rElec   .          Harm     .   O - scarf {repulsion}
rCorr   .          Rampage  .   (gloves unavailable)
Will    +++..      Archmagi +   (boots unavailable)
Stlth   +++++++++.              w - amulet of the acrobat
HPRegen 0.23/turn               y - ring "Muept" {Contam rPois Str+4 Int+4 Slay+4}
MPRegen 0.24/turn               b - ring of the Mage {Wiz Archmagi}

@: gold aura, acrobatic, repel missiles, very quick
A: very small, no large weapons, unfitting armour, see invisible, speed 3
}: 1/15 runes: gossamer
a: Renounce Religion, Potion Petition, Call Merchant, Bribe Branch


You were on level 5 of the Vaults.
You worshipped Gozag.
Gozag was greatly pleased with you.
You visited 7 branches of the dungeon, and saw 34 of its levels.
You also visited: Volcano.

You collected 16383 gold pieces.
You spent 2002 gold pieces at shops.
You paid 4862 gold pieces to Gozag.

Inventory:

Hand Weapons
 A - a +1 short sword of electrocution
 U - the +8 rapier "Finkudon" (weapon) {vorpal, rC+ Stlth+}
   (You found it on level 15 of the Dungeon)

   It inflicts extra damage upon your enemies.
   rC:        It protects you from cold.
   Stlth:     It makes you more stealthy.
Armour
 C - a scarf of invisibility
 O - a scarf of repulsion (worn)
 P - a +2 robe of resistance (worn)
 S - a +0 hat (worn)
Jewellery
 a - a ring of resist corrosion
 b - the ring of the Mage (right hand) {Wiz Archmagi}
   (You bought it in a shop on level 10 of the Dungeon)

   [ring of wizardry]

   It improves your spell success rate.
   Archmagi:  It increases the power of your magical spells.
 w - an amulet of the acrobat (around neck)
 y - the ring "Muept" (left hand) {Contam rPois Str+4 Int+4 Slay+4}
   (You bought it in a shop on level 10 of the Dungeon)

   [ring of slaying]

   Str:       It affects your strength (+4).
   Int:       It affects your intelligence (+4).
   Slay:      It affects your accuracy & damage with ranged weapons and melee
   (+4).
   rPois:     It protects you from poison.
   Contam:    It causes magical contamination when unequipped.
 B - a +4 ring of slaying
 M - a +6 ring of strength
 N - an amulet of guardian spirit
Wands
 v - a wand of polymorph (28)
 E - a wand of iceblast (10)
 G - a wand of acid (12)
 K - a wand of paralysis (13)
 Q - a wand of flame (19)
 T - a wand of mindburst (7)
 V - a wand of charming (8)
Scrolls
 g - 6 scrolls of teleportation
 i - 2 scrolls of blinking
 j - 5 scrolls of identify
 m - 4 scrolls of amnesia
 n - 3 scrolls of magic mapping
 q - 2 scrolls of enchant weapon {unknown}
 r - 10 scrolls of fog
 s - 5 scrolls of vulnerability
 x - 2 scrolls of enchant armour
 z - 2 scrolls of fear
 F - 3 scrolls of immolation
 H - a scroll of brand weapon
 J - a scroll of holy word
Potions
 c - 3 potions of haste
 d - 12 potions of mutation
 e - 9 potions of curing
 f - 3 potions of berserk rage
 h - 6 potions of flight
 k - 6 potions of lignification {unknown}
 l - 6 potions of resistance
 o - 9 potions of brilliance
 p - 3 potions of might
 t - 4 potions of attraction
 u - a potion of cancellation {unknown}
 D - 4 potions of heal wounds
 I - 2 potions of magic
 L - 3 potions of invisibility
 R - 4 potions of ambrosia


   Skills:
 - Level 20.0 Short Blades
 - Level 20.0 Dodging
 - Level 20.0 Stealth
 - Level 10.0 Spellcasting
 - Level 22.0 Hexes
 - Level 22.7 Translocations
 + Level 4.0 Evocations


You had 3 spell levels left.
You knew the following spells:

 Your Spells              Type           Power      Damage    Failure   Level
a - Ensorcelled Hibernat  Hex/Ice        100%       N/A       1%          2
b - Confusing Touch       Hex            100%       N/A       0%          3
c - Discord               Hex            58%        N/A       1%          8
d - Enfeeble              Hex            58%        N/A       1%          7
e - Dispersal             Tloc           59%        N/A       1%          6
f - Disjunction           Tloc           59%        N/A       1%          8
g - Blink                 Tloc           100%       N/A       0%          2

Your spell library contained the following spells:

 Spells                   Type           Power      Damage    Failure   Level
 Lesser Beckoning         Tloc           100%       N/A       0%          3
 Tukima's Dance           Hex            100%       N/A       0%          3
 Freeze                   Ice            84%        1d10      1%          1
 Sandblast                Erth           42%        2d11      1%          1
 Shock                    Conj/Air       84%        1d8       1%          1
 Dazzling Flash           Conj/Hex       100%       N/A       1%          3
 Inner Flame              Hex/Fire       85%        N/A       1%          3
 Passwall                 Tmut/Erth      17%        N/A       2%          2
 Static Discharge         Conj/Air       21%        N/A       2%          2
 Frozen Ramparts          Ice            42%        1d6       4%          3
 Spider Form              Tmut/Pois      21%        N/A       4%          3
 Stone Arrow              Conj/Erth      42%        3d9       4%          3
 Swiftness                Air            21%        N/A       4%          3
 Cause Fear               Hex            58%        N/A       0%          4
 Passage of Golubria      Tloc           100%       N/A       0%          4
 Manifold Assault         Tloc           100%       N/A       0%          5
 Anguish                  Hex/Necr       42%        N/A       1%          4
 Fulminant Prism          Conj/Hex       42%        3d20      1%          4
 Metabolic Englaciation   Hex/Ice        42%        N/A       1%          5
 Silence                  Hex/Air        42%        N/A       1%          5
 Summon Mana Viper        Hex/Summ       85%        N/A       1%          5
 Yara's Violent Unravell  Hex/Tmut       42%        3d17      1%          5
 Airstrike                Air            10%        N/A       16%         4
 Animate Armour           Summ/Erth      42%        N/A       16%         4
 Hailstorm                Conj/Ice       21%        3d6       16%         4
 Ice Form                 Ice/Tmut       21%        N/A       16%         4
 Summon Ice Beast         Ice/Summ       21%        N/A       16%         4
 Blade Hands              Tmut           10%        N/A       38%         5
 Irradiate                Conj/Tmut      10%        3d17      38%         5
 Iskenderun's Battlesphe  Conj           21%        2d7       38%         5
 Lightning Bolt           Conj/Air       10%        1d23      38%         5
 Conjure Ball Lightning   Conj/Air       10%        3x3d6     91%         6
 Iron Shot                Conj/Erth      10%        9d3       91%         6
 Dragon Form              Tmut           10%        N/A       100%        7
 Monstrous Menagerie      Summ           10%        N/A       100%        7
 Spellforged Servitor     Conj/Summ      10%        N/A       100%        7
 Lehudib's Crystal Spear  Conj/Erth      10%        10d4      100%        8
 Maxwell's Capacitive Co  Air            10%        ∞         100%        8
 Dragon's Call            Summ           10%        N/A       100%        9


Dungeon Overview and Level Annotations

Branches:
Dungeon (15/15)            Temple (1/1) D:5            Lair (6/6) D:11
 Shoals (1/4) Lair:4       Spider (4/4) Lair:2        Slime (0/5) Lair:5
    Orc (2/2) D:10            Elf (0/3) Orc:2        Vaults (5/5) D:14
  Crypt (0/3) Vaults:3     Depths (0/4) D:15        Volcano (visited)

Altars:
Ashenzari
Cheibriados
Dithmenos
Elyvilon
Fedhas
Gozag
Hepliaklqana
Kikubaaqudgha
Makhleb
Nemelex Xobeh
Okawaru
Qazlal
Ru
Sif Muna
Trog
Uskayaw
Vehumet
Wu Jian
Xom
Yredelemnul
Zin
The Shining One
Beogh
Jiyva

Shops:
D:10 =   D:13 (!*(   Orc:2 ([(![   Lair:1 ***[   Vaults:3 =

Annotations:
D:5 1 runed translucent door, 101zpm's ghost, amateur DjFE
D:7 exclusion: 5 doors
D:9 3 runed translucent doors, 101zpm's ghost, journeyman DrIE
D:12 Jorgrun
Lair:1 6 exclusions
Lair:3 2 exclusions
Lair:4 exclusion: oklob plant


Innate Abilities, Weirdness & Mutations

You are very small and have problems with some larger weapons.
You are too small for most types of armour.
You have supernaturally acute eyesight. (SInv)
You cover ground extremely quickly. (Speed+++)


Message History

The yaktaur captain moves out of view.
The yaktaur captain shouts!
You hear a shout!
The yaktaur captain unwields a +0 whip.
The yaktaur captain wields a +2 vorpal arbalest.
The yaktaur captain shoots a bolt.
The bolt completely misses you.
Casting: Ensorcelled Hibernation (safe; 1% risk of failure)
Confirm with . or Enter, or press ? or * to list all spells.
Casting: Discord (dangerous; 1% risk of failure)
Press: ? - help, Dir - look around, f - activate You feel a surge of power!
The tengu reaver flies into a frenzy!
The yaktaur captain flies into a frenzy!
The steelbarb worm flies into a frenzy!
The titan resists with almost no effort.
The ironbound convoker flies into a frenzy!
The ironbound convoker hits the steelbarb worm but does no damage.
The steelbarb worm completely misses the ironbound convoker.
The tengu reaver hits the ironbound convoker with a +2 bardiche of distortion!!!
The tengu reaver pecks the ironbound convoker.
The tengu reaver claws the ironbound convoker!
The ironbound convoker dies!
The yaktaur captain shouts!
Your Evocations skill increases to level 4!
The steelbarb worm changes into a slime creature!
Something hits the slime creature!!!
Space warps around the slime creature.
Something pecks the slime creature!
Something claws the slime creature.
The slime creature dies!
The yaktaur captain unwields a +2 vorpal arbalest.
The yaktaur captain wields a +0 whip.
The yaktaur captain hits the ancient lich with a +0 whip!
The ancient lich shouts!
The ancient lich touches the yaktaur captain!
You hear a shout!
Training target 20.0 for Short Blades reached!
Your Short Blades skill increases to level 20!
The yaktaur captain hits the ancient lich with a +0 whip!!
The ancient lich is distracted by your dazzling golden aura.
The titan hits you!!!
Ouch! That really hurt!
You die...
Your body crumbles into a pile of gold.

....$......
...#}...#....
.#..#..L.#..##
..#..#..c.# ..
.H #..#....# $
#...[# #....#
#...$# ####
#...@# .))#
#..C.# })(#
#....# )).# #
#....# $
####..#..
#....#
.........
#....#
.........
#....#...
#######..
#....#..## ..
....#...$#...##


You could see a titan, an ancient lich (unaware) and a neutral yaktaur captain
(fast, strong, insane).

Vanquished Creatures
  Arachne (Spider:4)
  Asterion (Spider:3)
  A quicksilver dragon (Vaults:5)
  A tengu reaver (Vaults:5)
  2 sphinxes
  A shadow dragon (Vaults:5)
  2 storm dragons
  A frost giant (Vaults:5)
  3 emperor scorpions
  8 vault wardens
  7 ghost moths
  An orc warlord (Orc:2)
  9 ironbound preservers
  2 broodmothers
  A stone giant (Vaults:5)
  3 ironbound thunderhulks
  A very ugly thing (Vaults:2)
  A vampire knight (Vaults:3)
  Azrael (Spider:3)
  6 entropy weavers
  7 dire elephants
  3 spark wasps
  2 ettins (Vaults:5)
  Snorg (D:11)
  Josephine (D:13)
  4 yaktaur captains
  A deep elf high priest (Vaults:2)
  3 vault guards (Vaults:4)
  2 great orbs of eyes
  An eidolon (Vaults:3)
  An ice dragon (D:15)
  5 boulder beetles
  8 centaur warriors
  9 ironbound frosthearts
  A catoblepas (Lair:6)
  8 two-headed ogres
  4 radroaches
  4 jorogumos (Spider:3)
  A death knight (D:12)
  11 hydras
  3 tengu warriors
  A deep troll earth mage (Vaults:4)
  A deep troll shaman (Lair:6)
  8 death yaks (Lair:6)
  Nergalle (Lair:3)
  A shadow wraith (Vaults:4)
  4 pharaoh ants
  15 deep trolls
  A sun moth (Spider:2)
  5 steelbarb worms
  3 orb spiders
  3 orc knights
  A shadow dragon zombie (Vaults:3)
  Pikel (D:8)
  2 harpies
  3 phantasmal warriors
  12 ironbound convokers
  5 lindwurms
  5 wizards
  21 wolf spiders
  4 deep elf pyromancers
  An anaconda skeleton (Volcano)
  25 ugly things
  3 necromancers
  5 manticores
  6 cyclopes
  2 moths of wrath (Spider:4)
  2 elephants (Lair:6)
  Maurice (D:9)
  12 vault sentinels
  4 molten gargoyles (D:14)
  4 torpor snails
  4 black mambas
  14 cane toads
  A yaktaur zombie (Vaults:3)
  A gargoyle (Volcano)
  4 komodo dragons
  7 demonic crawlers
  2 kobold demonologists
  A freezing wraith (Vaults:5)
  5 rime drakes
  2 yaktaurs
  9 trolls
  A meliai (shapeshifter) (D:15)
  A tarantella (shapeshifter) (D:14)
  5 polar bears
  6 meliai
  20 tarantellas
  10 blink frogs
  4 snapping turtles (D:14)
  36 slime creatures
  A wind drake (Lair:4)
  11 dream sheep
  16 jumping spiders
  A flying skull (Vaults:3)
  A shadow (D:10)
  18 culicivoras
  2 water elementals (D:14)
  8 wraiths
  58 yaks
  8 basilisks
  9 wyverns
  A human (D:10)
  Eustachio (D:6)
  3 fire bats (Lair:6)
  3 steam dragons
  Grum (Lair:1)
  45 redbacks
  4 wargs
  12 water moccasins
  Edmund (D:6)
  2 acid dragons
  Duvessa (D:4)
  25 orc warriors
  A hornet zombie (D:7)
  A sky beast (D:6)
  An ettin simulacrum (Vaults:3)
  2 ice beasts
  4 black bears
  4 ogres
  A necrophage (D:8)
  16 centaurs
  17 wolves
  A lemure (D:8)
  A phantom (D:3)
  Blork the orc (D:6)
  6 kobold brigands
  9 bullfrogs
  2 wyvern zombies
  3 scorpions
  A wyvern skeleton (D:7)
  5 killer bees
  Dowan (D:4)
  7 howler monkeys
  7 electric eels
  10 centaur zombies
  A gnoll shaman (D:5)
  2 jellies
  2 hounds
  10 orc priests
  Crazy Yiuf (D:3)
  2 iguanas
  15 orc wizards
  A naga skeleton (Volcano)
  3 hound skeletons
  A howler monkey zombie (D:6)
  18 gnolls
  11 adders
  A river rat (shapeshifter) (D:13)
  2 shadow imps
  2 white imps
  An ufetubus (D:3)
  2 worms
  A dart slug (D:1)
  68 orcs
  5 endoplasms
  3 giant cockroaches
  6 goblins
  13 hobgoblins
  3 quokkas
  5 ball pythons
  12 bats
  2 frilled lizards
  20 kobolds
  8 rats
982 creatures vanquished.

Vanquished Creatures (collateral kills)
  A titan (Vaults:5)
  A shadow dragon (Vaults:5)
  A storm dragon (Vaults:5)
  A tengu reaver (Vaults:5)
  A fire giant (Vaults:5)
  3 vault wardens
  A broodmother (Spider:1)
  A very ugly thing (Vaults:2)
  12 ironbound preservers
  A stone giant (Vaults:5)
  2 ironbound thunderhulks
  6 dire elephants
  A great orb of eyes (Vaults:3)
  2 ettins (Vaults:5)
  2 yaktaur captains
  20 vault guards
  2 boulder beetles
  An ogre mage (Vaults:2)
  An ice dragon (D:15)
  2 jorogumos
  An anaconda (shapeshifter) (Vaults:5)
  An ironbound frostheart (Vaults:4)
  4 centaur warriors (Vaults:1)
  A two-headed ogre (Vaults:2)
  2 death scarabs
  An orc high priest (Orc:2)
  A pharaoh ant (Spider:1)
  35 deep trolls
  A steelbarb worm (Spider:1)
  3 orb spiders
  4 wizards
  6 ironbound convokers
  2 orc knights (Orc:2)
  9 harpies
  A deep elf pyromancer (D:15)
  A moth of wrath (Spider:4)
  13 ugly things
  4 wolf spiders
  3 vault sentinels
  A torpor snail (Spider:3)
  2 demonic crawlers
  11 yaktaurs
  2 meliai (Spider:3)
  A slime creature (shapeshifter) (Vaults:5)
  5 slime creatures
  14 tarantellas
  17 jumping spiders
  5 culicivoras
  4 fire elementals (Spider:3)
  17 redbacks
  2 hell hounds (Spider:3)
  4 orc warriors
  2 ogres
  4 centaurs (Orc:2)
  An orc priest (Orc:1)
  3 orc wizards
  6 orcs
256 creatures vanquished.

Vanquished Creatures (others)
  A vault warden (Vaults:3)
  An emperor scorpion (Spider:4)
  3 ironbound preservers
  A war gargoyle (Vaults:5)
  A dire elephant (Vaults:2)
  An ettin (Vaults:5)
  5 vault guards (Vaults:5)
  A two-headed ogre (Vaults:2)
  A pharaoh ant (Spider:3)
  8 deep trolls
  A harpy (Vaults:1)
  An ironbound convoker (Vaults:5)
  4 wolf spiders
  An orc sorcerer (Orc:1)
  5 ugly things
  A torpor snail (Spider:3)
  2 demonic crawlers
  6 yaktaurs
  2 meliai (Spider:3)
  4 tarantellas
  A flying skull (Volcano)
  4 culicivoras
  3 jumping spiders
  3 redbacks (Spider:1)
  A hell hound (Spider:3)
  A centaur (Orc:2)
  An orc wizard (D:12)
  A fire vortex (Lair:1)
  40 fungi
  66 plants
171 creatures vanquished.

Grand Total: 1409 creatures vanquished

Notes
Turn   | Place    | Note
-------+----------+-------------------------------------------
     0 | D:1      | Kniotic the Spriggan Enchanter began the quest for the Orb.
     0 | D:1      | Reached XP level 1. HP: 9/9 MP: 5/5
   382 | D:1      | Reached XP level 2. HP: 13/13 MP: 6/6
   385 | D:1      | Learned a level 2 spell: Ensorcelled Hibernation
   896 | D:1      | Found a faded altar of an unknown god.
  1462 | D:2      | Reached skill level 5 in Stealth
  1462 | D:2      | Reached XP level 3. HP: 16/16 MP: 8/8
  1813 | D:2      | Reached XP level 4. HP: 21/21 MP: 9/9
  2575 | D:2      | HP: 1/21 [poisoned by an adder]
  3594 | D:3      | Got Bodiu's Volume of Bewitchment
  3643 | D:3      | Reached XP level 5. HP: 24/24 MP: 7/10
  4131 | D:3      | Found a runed translucent door.
  4132 | D:3      | Noticed Crazy Yiuf
  4144 | D:3      | Killed Crazy Yiuf
  4294 | D:3      | Reached skill level 5 in Hexes
  4443 | D:4      | Learned a level 3 spell: Confusing Touch
  4639 | D:4      | Noticed a phantom
  4681 | D:4      | Noticed Dowan
  4930 | D:3      | Reached XP level 6. HP: 8/28 MP: 8/11
  5202 | D:3      | Reached skill level 5 in Short Blades
  6161 | D:4      | Reached XP level 7. HP: 32/32 MP: 12/12
  6415 | D:4      | Noticed Duvessa
  6665 | D:4      | Killed Duvessa
  6715 | D:4      | Killed Dowan
  7244 | D:5      | Entered Level 5 of the Dungeon
  7602 | D:5      | Found a staircase to the Ecumenical Temple.
  7639 | Temple   | Entered the Ecumenical Temple
  7884 | Temple   | Became a worshipper of Gozag Ym Sagoz the Greedy
  8364 | D:5      | Reached XP level 8. HP: 30/36 MP: 8/13
  8499 | D:5      | Reached skill level 5 in Dodging
  8731 | D:5      | Noticed 101zpm's ghost (amateur DjFE)
  8786 | D:5      | Found a runed translucent door.
  9063 | D:6      | Noticed Edmund
  9070 | D:6      | Killed Edmund
  9440 | D:6      | Noticed Blork the orc
  9651 | D:6      | Killed Blork the orc
  9692 | D:6      | Noticed Eustachio
  9699 | D:6      | Killed Eustachio
 10097 | D:7      | Reached XP level 9. HP: 39/39 MP: 7/14
 10315 | D:7      | Reached skill level 10 in Dodging
 10318 | D:7      | Reached skill level 10 in Hexes
 10451 | D:7      | Found a shimmering altar of Xom.
 10683 | D:7      | You fall into a shaft and drop 3 floors!
 10683 | D:10     | Entered Level 10 of the Dungeon
 10771 | D:10     | Noticed a troll
 11081 | D:8      | Found an iron altar of Okawaru.
 11185 | D:8      | Noticed Pikel
 11210 | D:8      | Killed Pikel
 11211 | D:8      | Reached skill level 5 in Spellcasting
 11493 | D:8      | Reached skill level 10 in Stealth
 12912 | D:8      | Found a hazy altar of Hepliaklqana.
 13132 | D:8      | Found a white marble altar of Elyvilon.
 13615 | D:9      | Noticed a two-headed ogre
 13627 | D:9      | Killed a two-headed ogre
 13628 | D:9      | Reached XP level 10. HP: 44/44 MP: 16/21
 13787 | D:9      | Found a runed translucent gate.
 13788 | D:9      | Found a runed translucent gate.
 13788 | D:9      | Noticed 101zpm's ghost (journeyman DrIE)
 13789 | D:9      | Found a runed translucent gate.
 13793 | D:9      | Noticed Maurice
 13810 | D:9      | Killed Maurice
 15882 | D:10     | Found a staircase to the Orcish Mines.
 16423 | D:11     | Reached XP level 11. HP: 47/47 MP: 24/24
 16460 | D:11     | Reached skill level 15 in Stealth
 16735 | D:11     | Found a staircase to the Lair.
 16791 | D:11     | Noticed Snorg
 16810 | D:11     | Killed Snorg
 17528 | D:11     | Reached skill level 10 in Spellcasting
 17921 | D:11     | Noticed a two-headed ogre
 17924 | D:11     | Killed a two-headed ogre
 18285 | Lair:1   | Entered Level 1 of the Lair of Beasts
 18307 | Lair:1   | Noticed an eight-headed hydra
 18398 | Lair:1   | Killed an eight-headed hydra
 18399 | Lair:1   | Reached skill level 10 in Short Blades
 18571 | Lair:1   | Noticed Grum
 19063 | Lair:1   | Killed Grum
 20053 | Lair:2   | Found a hole to the Spider Nest.
 20158 | Lair:2   | Found a snail-covered altar of Cheibriados.
 20182 | Lair:2   | Reached XP level 12. HP: 51/51 MP: 27/27
 21970 | Lair:3   | Noticed Nergalle
 21978 | Lair:3   | Killed Nergalle
 22256 | Lair:3   | Noticed a four-headed hydra
 22263 | Lair:3   | Killed a four-headed hydra
 22457 | Lair:3   | Identified the +8 chain mail "Siprot" {rF+}
 23996 | Lair:4   | Found a staircase to the Shoals.
 24102 | Lair:4   | Reached XP level 13. HP: 55/55 MP: 25/28
 24118 | Lair:4   | Reached skill level 15 in Dodging
 24399 | Lair:4   | Reached skill level 15 in Hexes
 25883 | Lair:5   | Found a staircase to the Slime Pits.
 25883 | Lair:5   | Found a viscous altar of Jiyva.
 26556 | Lair:6   | Entered Level 6 of the Lair of Beasts
 27042 | Lair:6   | Found a dark tunnel.
 27167 | Volcano  | Entered a volcano
 28237 | Lair:6   | Learned a level 8 spell: Discord
 29148 | Lair:6   | Reached XP level 14. HP: 58/59 MP: 26/29
 29972 | Lair:6   | Got Sif Muna's Volume of Captivating Clay
 32443 | D:12     | Noticed Jorgrun
 32572 | D:13     | Found Namunaa's Antique Weapon Shop.
 32715 | D:13     | Found Norpharim's Distillery.
 33528 | D:13     | Found Owippowu's General Store.
 33560 | D:13     | Noticed Josephine
 33853 | D:13     | Killed Josephine
 34159 | D:13     | Found Gewowul's Antique Weapon Shop.
 35824 | D:14     | Found a gate to the Vaults.
 37918 | D:14     | Reached XP level 15. HP: 47/63 MP: 26/30
 38080 | D:14     | Reached skill level 15 in Short Blades
 38823 | D:15     | Entered Level 15 of the Dungeon
 39112 | Orc:1    | Entered Level 1 of the Orcish Mines
 39322 | Orc:2    | Entered Level 2 of the Orcish Mines
 39324 | Orc:2    | Found Fimn's Antique Armour Shoppe.
 39367 | Orc:2    | Bought a hat for 128 gold pieces
 39473 | Orc:2    | Noticed an orc warlord
 39527 | Orc:2    | Killed an orc warlord
 39694 | Orc:2    | Found a staircase to the Elven Halls.
 41458 | Orc:2    | Found Fiboatt's Weapon Shoppe.
 41458 | Orc:2    | Found Vireuras's Armour Shop.
 41460 | Orc:2    | Found Kit Wyerif's Antique Weapon Boutique.
 41462 | Orc:2    | Found Qeokyir's Distillery.
 42308 | D:10     | Identified a scroll of acquirement
 42308 | D:10     | Acquired 1107 gold pieces
 42449 | D:10     | Bought the ring of the Mage {Wiz Archmagi} for 612 gold
                  | pieces
 42449 | D:10     | Found the ring of the Mage {Wiz Archmagi}
 42449 | D:10     | Bought the ring "Muept" {Contam rPois Str+4 Int+4 Slay+4}
                  | for 1202 gold pieces
 44174 | D:15     | Identified the +8 rapier "Finkudon" {vorpal, rC+ Stlth+}
 44373 | D:15     | Found a staircase to the Depths.
 44624 | D:15     | Learned a level 7 spell: Enfeeble
 44633 | D:15     | Learned a level 8 spell: Disjunction
 44794 | Spider:1 | Entered Level 1 of the Spider Nest
 45580 | Spider:1 | Acquired 1283 gold pieces
 45783 | Spider:1 | Noticed an emperor scorpion
 45804 | Spider:1 | HP: 2/63 [radroach (61)]
 46490 | Spider:1 | Reached XP level 16. HP: 67/67 MP: 21/31
 46642 | Spider:1 | Reached skill level 1 in Translocations
 50539 | Spider:3 | Noticed Asterion
 50612 | Spider:3 | Reached skill level 5 in Translocations
 53478 | Spider:3 | Noticed Azrael
 54160 | Spider:3 | Killed Azrael
 54941 | Spider:3 | Killed Asterion
 55055 | Spider:4 | Entered Level 4 of the Spider Nest
 55073 | Spider:4 | Noticed Arachne
 55082 | Spider:4 | Killed Arachne
 55083 | Spider:4 | Reached XP level 17. HP: 70/70 MP: 25/32
 57990 | Spider:4 | Reached skill level 10 in Translocations
 58155 | Spider:4 | Got a gossamer rune of Zot
 58415 | Lair:1   | Bought a potion of heal wounds for 60 gold pieces
 58493 | Shoals:1 | Entered Level 1 of the Shoals
 58842 | Vaults:1 | Entered Level 1 of the Vaults
 60082 | Vaults:1 | Reached skill level 15 in Translocations
 60745 | Vaults:1 | Learned a level 6 spell: Dispersal
 61019 | Vaults:1 | Reached XP level 18. HP: 74/74 MP: 16/33
 65295 | Vaults:2 | You fall into a shaft and drop 2 floors!
 66199 | Vaults:3 | Reached XP level 19. HP: 70/78 MP: 27/34
 66565 | Vaults:3 | Found Ridet's Jewellery Shop.
 66766 | Vaults:3 | Found a staircase to the Crypt.
 70174 | Vaults:4 | Learned a level 2 spell: Blink
 70177 | Vaults:5 | Entered Level 5 of the Vaults
 70216 | Vaults:5 | Noticed an ancient lich
 70847 | Vaults:5 | Identified the +5 morningstar "Netojauc" {vorpal, *Rage
                  | rElec Int+4 SInv}
 70948 | Vaults:5 | Reached skill level 1 in Evocations
 70948 | Vaults:5 | Reached XP level 20. HP: 82/82 MP: 17/35
 71371 | Vaults:5 | Identified the +6 hunting sling of Causality {venom, Str-4
                  | Int+7}
 71739 | Vaults:5 | Noticed an ancient lich
 71848 | Vaults:5 | Demolished by a titan

Illustrated notes

Levels and vault maps discovered:
D:1:      dpeg_arrival_arbitrary_b, layout_rooms, serial_glass, glass_columns_a,
          glass_columns_a, minmay_strange_pillars, feat_on_display,
          item_on_display_a, shapermc_ecumenical_altar_mp_urbaneastern,
          serial_bayou_ford_a
D:2:      layout_loops_ring
D:3:      layout_basic, uniq_crazy_yiuf_cottage
D:4:      layout_layer_cave, uniq_duvessa
D:5:      layout_basic, minmay_temple_entry_gardened_gates,
          hellmonk_ghost_happy_afterlife
D:6:      layout_loops_ring, grunt_ministairs_12, uniq_eustachio,
          uniq_blork_the_orc, uniq_edmund
D:7:      layout_cave_pools, mainiacjoe_overflow_24_doors
D:8:      layout_gridville, mainiacjoe_overflow_two_lobes,
          mainiacjoe_overflow_small_starburst, grunt_decor_one_mirror,
          minmay_misc_feat_encased, uniq_pikel
D:9:      layout_grid_maze, biasface_ghost_orc_armoury, uniq_maurice
D:10:     layout_basic, erik_orc_4, wad_dig_loot
D:11:     layout_basic, minmay_lair_entry_grove, uniq_snorg
D:12:     layout_irregular_city, uniq_jorgrun
D:13:     layout_layer_cave, serial_shops, shop, nicolae_shop_advertising_works
          [nicolae_subvault_shop_adworks], shop, shop, special_room
          [special_room_orc], uniq_josephine
D:14:     wad_bat_island, layout_basic, david_vaults_1, minmay_misc_feat_doors,
          minivault_8
D:15:     grunt_enter_depths_hoard, layout_cross, minmay_misc_feat_tower
Temple:   dpeg_five_rooms_temple
Lair:1:   layout_gridlike, uniq_grum
Lair:2:   layout_misc_corridors, spider_nest_entry_web_field, basic_altar,
          grunt_megastairs_4
Lair:3:   layout_cave_pods, nicolae_lair_liquid_snakes, grunt_megastairs_5,
          uniq_nergalle
Lair:4:   layout_cave_pods, minmay_shoals_entry_beasts,
          grunt_forest_stairs_basic, minmay_lindwurm_lava
Lair:5:   layout_long_grid, slime_altar_1
Lair:6:   grunt_lair_end_beastmaster, layout_cellular_growth,
          nicolae_volcano_entry_batcave, st_stairs_7
Shoals:1: layout_shoals, nicolae_shoals_lost_giant_pillars,
          nicolae_shoals_water_shrine
Spider:1: layout_cave_pods, spiders_nest_spider_trap
Spider:2: layout_chambers
Spider:3: nicolae_spider_mines_1, nicolae_spider_claw_tunnel, uniq_asterion,
          uniq_azrael
Spider:4: grunt_spider_rune_parallel, nicolae_spider_checkerboard, uniq_arachne
Orc:1:    layout_diamond_mine, basic_altar, nicolae_orc_tapped_out
Orc:2:    st_orc_rangers, layout_caves, serial_shops, shop, mines_bat_river
Vaults:1: hangedman_vaults_slither, nicolae_vaults_circle_grid_b,
          nicolae_vaults_c_with_doors, nicolae_vaults_yaktaur_gun_rack,
          grunt_vaults_bifocal, ontoclasm_vaults_eye, layout_vaults_omnigrid
Vaults:2: nicolae_vaults_network_quinsquares
          [nicolae_vaults_network_quincunx_subvault,
          nicolae_vaults_network_quincunx_subvault,
          nicolae_vaults_network_quincunx_subvault,
          nicolae_vaults_network_quincunx_subvault], ontoclasm_vaults_spin,
          v_misc_10, hangedman_vaults_capsules, vaults_room_grid, v_misc_13,
          nicolae_vaults_circle_grid_a, nicolae_vaults_specimen_jars,
          v_alt_pattern_5, hangedman_vaults_stagger,
          ontoclasm_vaults_loading_screen, serial_ice_b,
          vaults_dpeg_encased_lava, layout_vaults_big_cross
Vaults:3: nicolae_vaults_puzzle_piece, minmay_crypt_entry_simple_box,
          st_squares, vaults_mumra_lcd, hangedman_vaults_hat,
          nicolae_vaults_little_squares_3, v_rooms_3, ontoclasm_vaults_hangar,
          vaults_standard_mumra_enter_the_diamond, vaults_room_fours,
          vaults_room_stairs_pillars, nicolae_vaults_rhombus_6,
          layout_vaults_maze, serial_shops, nicolae_shop_crystal
Vaults:4: vaults_mumra_chevron, hangedman_vaults_trim,
          hangedman_vaults_stitches, v_misc_26, vaults_room_stairs_pillars,
          nicolae_vaults_inception_scallops, vaults_room_fancy_cross,
          nicolae_vaults_ninety_degrees, vaults_dpeg_ring,
          hangedman_vaults_maws, hangedman_vaults_trim, st_cells,
          layout_vaults_chaotic_city
Vaults:5: serial_shops

Skill      XL: |  1  2  3  4  5  6  7  8  9 10 11 12 13 14 15 16 17 18 19 20 |
---------------+-------------------------------------------------------------+-----
Short Blades   | 2 3 4 5 7 10 12 14 15 17 19 20 | 20.0
Hexes          | 4 5 6 8 9 10 11 14 17 19 22 | 22.0
Stealth        | 5 6 7 8 11 14 15 16 19 20 | 20.0
Dodging        | 4 9 10 11 14 15 16 18 20 | 20.0
Spellcasting   | 7 8 10 | 10.0
Translocations | 7 16 19 22 | 22.7
Evocations     | 1 4 |  4.0

Action                   |  1- 3 |  4- 6 |  7- 9 | 10-12 | 13-15 | 16-18 | 19-21 || total
-------------------------+-------+-------+-------+-------+-------+-------+-------++-------
Melee: Dagger            |    86 |   188 |   207 |   147 |       |       |       ||   628
       Punch             |       |     1 |     1 |     3 |    14 |     7 |     1 ||    27
       Short sword       |       |       |       |   199 |   766 |       |       ||   965
       Rapier            |       |       |       |       |    65 |   476 |   153 ||   694
 Cast: Ensorcelled Hiber |    11 |    38 |    91 |   187 |   395 |   260 |    70 ||  1052
       Confusing Touch   |       |     2 |    13 |    13 |    53 |       |       ||    81
       Discord           |       |       |       |       |    11 |    52 |    25 ||    88
       Enfeeble          |       |       |       |       |     2 |    62 |    26 ||    90
       Dispersal         |       |       |       |       |       |       |     1 ||     1
Invok: Call Merchant     |       |       |       |     2 |     2 |     1 |       ||     5
Evoke: Wand              |       |       |       |    10 |     3 |       |       ||    13
  Use: Scroll            |       |       |     4 |     6 |    20 |     4 |     1 ||    35
       Potion            |       |       |     1 |       |     2 |     4 |       ||     7
 Stab: Sleeping          |    16 |    33 |    55 |   124 |   216 |   185 |    46 ||   675
       Confused          |       |     3 |    14 |    13 |    46 |       |       ||    76
       Distracted        |       |       |     3 |     2 |     7 |     2 |     2 ||    16
       Invisible         |       |       |       |       |     1 |    62 |    25 ||    88
Armor: Robe              |    11 |    13 |    16 |    23 |    22 |    11 |     4 ||   100
Dodge: Dodged            |    73 |   103 |   162 |   290 |   679 |   424 |    98 ||  1829
       Repelled          |       |       |       |       |       |       |     1 ||     1
